 Dungeon Crawl Stone Soup version 0.30.0-29-ga12c61a403 (webtiles) character file.

Game seed: 17274094808594980588

37 Ijustatesigmund the Stinger (level 3, 0/23 HPs)
             Began as an Octopode Venom Mage on June 14, 2023.
             Slain by an orc
             ... wielding a +0 club
              (6 damage)
             ... on level 2 of the Dungeon.
             The game lasted 00:02:20 (1217 turns).

Ijustatesigmund the Stinger (Octopode Venom Mage)   Turns: 1217, Time: 00:02:20

Health: 0/23       AC:  1    Str:  7    XL:     3   Next: 41%
Magic:  3/6        EV: 13    Int: 19    God:
Gold:   50         SH:  0    Dex: 12    Spells: 0/6 levels left

rFire   . . .        e - +0 mace
rCold   . . .        (no shield)
rNeg    . . .        (helmet restricted)
rPois   .            (no amulet)
rElec   .            (no ring)
rCorr   .            (no ring)
SInv    .            (no ring)
Will    .....        (no ring)
Stlth   +++          (no ring)
HPRegen 0.23/turn    (no ring)
MPRegen 0.10/turn    (no ring)
                     (no ring)

%: no passive effects
@: brilliant
A: almost no armour, amphibious, 8 rings, camouflage 1, gelatinous body 1,
(nimble swimmer 1), tentacles
a: no special abilities


You were on level 2 of the Dungeon.
You visited 1 branch of the dungeon, and saw 2 of its levels.

You collected 50 gold pieces.

Inventory:

Hand Weapons
 e - a +0 mace (weapon)
Scrolls
 b - 2 scrolls of teleportation {unknown}
 c - a scroll of noise {unknown}
Potions
 a - a potion of magic
 d - a potion of brilliance
 f - a potion of flight {unknown}
 g - a potion of attraction {unknown}


   Skills:
 + Level 1.3 Fighting
 - Level 2.0 Dodging
 - Level 2.6 Stealth
 + Level 2.4 Spellcasting
 + Level 0.1 Conjurations
 - Level 1.0 Transmutations
 + Level 1.0 Air Magic
 + Level 4.1 Poison Magic


You couldn't memorise any spells.
You knew the following spells:

 Your Spells              Type           Power      Damage    Failure   Level
a - Sting                 Tmut/Pois      72%        1d6       5%          1
b - Poisonous Vapours     Pois/Air       36%        N/A       9%          2
c - Mephitic Cloud        Conj/Pois/Air  13%        N/A       24%         3

Your spell library contained the following spells:

 Spells                   Type           Power      Damage    Failure   Level
 Olgreb's Toxic Radiance  Pois           27%        N/A       28%         4


Dungeon Overview and Level Annotations

Branches:
Dungeon (2/15)

Altars:


Innate Abilities, Weirdness & Mutations

You cannot wear most types of armour.
You are amphibious.
You can wear up to eight rings at the same time.
Your skin changes colour to match your surroundings (Stealth+).
Your rubbery body absorbs attacks. (AC +1, EV +1)
((You are camouflaged when in or above water. (Stealth+)))
You have tentacles for arms and can constrict up to eight enemies at once.


Message History

Aiming: Poisonous Vapours (safe; 9% risk of failure)
Press: ? - help, Dir - move target, f - orc
Aim: an orc, wielding a +0 dagger and wearing a +0 leather armour (wandering, hasn't noticed you) Poisonous vapours surround the orc!
The orc is poisoned.
The orc shouts!
You hear a shout!
The orc shouts!
You barely miss the orc.
The orc shouts!
Your grab misses the orc. You squeeze the orc!
You kill the orc!
Your Air Magic skill increases to level 1!
Things that are here:
a +0 dagger; a +0 leather armour; an orc corpse The orc closely misses you.
You hit the orc. You grab the orc.
The orc is moderately wounded.
You constrict the orc. The orc hits you but does no damage.
The orc hits you with a +0 club. x2
Casting: Poisonous Vapours (safe; 9% risk of failure)
Confirm with . or Enter, or press ? or * to list all spells.
Aiming: Poisonous Vapours (safe; 9% risk of failure)
Press: ? - help, Dir - move target, f - orc
Aim: an orc, wielding a +0 club Poisonous vapours surround the orc!
The orc is poisoned.
You constrict the orc, but do no damage.
The orc hits you with a +0 club.
You hit the orc but do no damage.
The orc is heavily wounded.
You constrict the orc, but do no damage.
The orc hits you with a +0 club.
You are too injured to fight recklessly!
You hit the orc but do no damage.
The orc is heavily wounded.
You constrict the orc, but do no damage.
The orc hits you with a +0 club. x2
* * * LOW HITPOINT WARNING * * *
It was a potion of brilliance.
You feel clever all of a sudden.
You constrict the orc. The orc hits you with a +0 club.
You die...

#........#.............#
#........#....)..>.....#
#.<......#..........<..#
#######..#...........).#
#..#..............#
#..#............#.#
#.................#
#.......o....#.#..#
##..#.)@o..#.#.#.##
#......o....#....
#....#####.#### ##
#..$.# .. #....# #
#..... #....# #....#


You could see 3 orcs.

Vanquished Creatures
  A dart slug (D:1)
  2 orcs
  3 ball pythons (D:1)
  6 bats (D:1)
  3 endoplasms (D:1)
  A giant cockroach (D:1)
  A hobgoblin (D:1)
  2 jackals (D:1)
  2 quokkas (D:1)
  3 frilled lizards (D:1)
  2 goblins
  2 kobolds (D:1)
  5 rats (D:1)
33 creatures vanquished.

Notes
Turn   | Place    | Note
-------+----------+-------------------------------------------
     0 | D:1      | Ijustatesigmund the Octopode Venom Mage began the quest for
                  | the Orb.
     0 | D:1      | Reached XP level 1. HP: 11/11 MP: 3/3
    78 | D:1      | Found a faded altar of an unknown god.
    96 | D:1      | Reached XP level 2. HP: 17/18 MP: 0/5
    99 | D:1      | Learned a level 2 spell: Poisonous Vapours
   177 | D:1      | Reached skill level 1 in Fighting
   414 | D:1      | Reached skill level 4 in Poison Magic
   580 | D:1      | Reached XP level 3. HP: 22/23 MP: 1/6
   735 | D:1      | Learned a level 3 spell: Mephitic Cloud
  1211 | D:2      | Reached skill level 1 in Air Magic
  1217 | D:2      | Slain by an orc

Illustrated notes

Levels and vault maps discovered:
D:1:      mrwooster_arrival_statue_3, layout_rooms, basic_ecumenical_altar
D:2:      layout_basic

Skill      XL: |  1  2  3 |
---------------+----------+-----
Fighting       | 1 |  1.3
Poison Magic   | 4 |  4.1
Air Magic      | 1 |  1.0
Dodging        | |  2.0
Stealth        | |  2.6
Spellcasting   | |  2.4
Conjurations   | |  0.1
Transmutations | |  1.0

Action                     || total
---------------------------++-------
  Melee: Mace              ||    63
         Constrict         ||    17
         Tentacles         ||    12
         Unarmed           ||     1
         Punch             ||     1
   Cast: Sting             ||     8
         Poisonous Vapours ||    11
         Mephitic Cloud    ||     1
    Use: Potion            ||     1
   Stab: Sleeping          ||     5
 Armour: Skin              ||     6
  Dodge: Dodged            ||    64
